 Dungeon Crawl Stone Soup version 0.21-a0-263-gf26e180 (webtiles) character file.

107 Pnyx the Vexing (level 4, -1/21 HPs)
             Began as a Spriggan Enchanter on Sept 8, 2017.
             Slain by a centaur (8 damage)
             ... on level 3 of the Dungeon.
             The game lasted 00:07:20 (3217 turns).

Pnyx the Vexing (Spriggan Enchanter)                Turns: 3217, Time: 00:07:21

Health: -1/21      AC:  2    Str:  9    XL:     4   Next: 56%
Magic:  5/11       EV: 18    Int: 17    God:
Gold:   84         SH:  0    Dex: 16    Spells: 3/12 levels left

rFire    . . .     SeeInvis +   a - +1 dagger
rCold    . . .     Gourm    .   (shield restricted)
rNeg     . . .     Faith    .   b - +0 robe
rPois    .         Spirit   .   (helmet restricted)
rElec    .         Reflect  .   (no cloak)
rCorr    .         Harm     .   (gloves unavailable)
MR       .....                  (boots unavailable)
Stlth    +++.......             (no amulet)
HPRegen  0.07/turn              (no ring)
MPRegen  0.12/turn              (no ring)

@: mighty, very quick
A: unfitting armour, see invisible, herbivore 3, speed 3, slow metabolism 2
a: no special abilities


You were on level 3 of the Dungeon.
You were not hungry.

You visited 1 branch of the dungeon, and saw 3 of its levels.

You collected 84 gold pieces.

Inventory:

Hand Weapons
 a - a +1 dagger (weapon)
Armour
 b - a +0 robe (worn)
Scrolls
 g - 2 scrolls of identify
Potions
 f - a potion of berserk rage
Books
 c - a book of Maledictions

   Spells                             Type                      Level
   a - Corona                         Hexes                        1
   b - Ensorcelled Hibernation        Hexes/Ice                    2
   c - Confuse                        Hexes                        3
   d - Tukima's Dance                 Hexes                        3
   e - Dazzling Spray                 Conjuration/Hexes            3
Comestibles
 d - 2 bread rations


   Skills:
 - Level 1.1 Short Blades
 - Level 3.0 Dodging
 - Level 4.4 Stealth
 + Level 4.5 Spellcasting
 + Level 5.3 Hexes


You had 3 spell levels left.
You knew the following spells:

 Your Spells              Type           Power        Failure   Level  Hunger
a - Ensorcelled Hibernat  Hex/Ice        ##....       8%          2    ##.....
b - Corona                Hex            ###....      1%          1    None
c - Confuse               Hex            ###.....     4%          3    ###....
d - Tukima's Dance        Hex            ###.....     4%          3    ###....


Dungeon Overview and Level Annotations

Branches:
Dungeon (3/15)

Altars:
Elyvilon
Hepliaklqana
Qazlal
Sif Muna
Xom


Innate Abilities, Weirdness & Mutations

You are very small and have problems with some larger weapons.
You are too small for most types of armour.
You have supernaturally acute eyesight. (SInv)
You are a herbivore.
You cover ground extremely quickly.
You need consume almost no food.


Message History

Aim: a bat (chance to defeat MR: 61%)
The bat resists with significant effort.
The bat closely misses you. The bat hits you but does no damage.
The centaur unwields an uncursed shortbow.
The centaur hits you!
You see here an arrow.
Casting: Ensorcelled Hibernation
Confirm with . or Enter, or press ? or * to list all spells.
Aiming: Ensorcelled Hibernation
Press: ? - help, Shift-Dir - straight line, f - centaur, p - bat
Aim: a centaur (chance to defeat MR: 43%)
The centaur resists with some effort.
The bat hits you but does no damage. The centaur hits you.
* * * LOW HITPOINT WARNING * * *
The centaur closely misses you.
You feel better. The bat hits you. The centaur hits you.
You feel very mighty all of a sudden. The bat barely misses you.
The centaur barely misses you. The centaur hits you!
You die...

#......## #.......
#......#+## #....
#....)..... #....
#..........
###...######..........
..........>b!c..%....
#......#....@#
+......#(....#
#......#.....#
#.....$.(..###
####..........#
#....#+#..(...# #.##.#
##.?...... #..#.#
#......... #..#.#
#.........#


You could see a centaur and a bat.

Vanquished Creatures
  A hound (D:3)
  Terence (D:2)
  An adder (D:2)
  A worm (D:2)
  4 bats
  3 giant cockroaches
  3 goblins
  6 hobgoblins
  4 jackals
  A ball python (D:1)
  A frilled lizard (D:2)
  4 kobolds
  11 rats
41 creatures vanquished.

Notes
Turn   | Place    | Note
-------+----------+-------------------------------------------
     0 | D:1      | Pnyx the Spriggan Enchanter began the quest for the Orb.
     0 | D:1      | Reached XP level 1. HP: 9/9 MP: 5/5
   200 | D:2      | Found a hazy altar of Hepliaklqana.
   684 | D:2      | Reached skill level 4 in Hexes
   684 | D:2      | Reached XP level 2. HP: 13/13 MP: 7/7
   688 | D:2      | Learned a level 2 spell: Ensorcelled Hibernation
   799 | D:2      | Found a deep blue altar of Sif Muna.
   831 | D:2      | Noticed Terence
  1784 | D:1      | Reached XP level 3. HP: 15/16 MP: 0/9
  1789 | D:1      | Learned a level 3 spell: Confuse
  1793 | D:1      | Learned a level 3 spell: Tukima's Dance
  2564 | D:2      | Found a shimmering altar of Xom.
  2564 | D:2      | Found a shimmering altar of Xom.
  2564 | D:2      | Found a shimmering altar of Xom.
  2564 | D:2      | Found a shimmering altar of Xom.
  2566 | D:2      | Found a shimmering altar of Xom.
  2656 | D:2      | Killed Terence
  2656 | D:2      | Reached skill level 5 in Hexes
  2656 | D:2      | Reached XP level 4. HP: 15/21 MP: 2/11
  2873 | D:2      | Found a white marble altar of Elyvilon.
  3045 | D:2      | Found a stormy altar of Qazlal.
  3210 | D:3      | Noticed a centaur
  3217 | D:3      | Slain by a centaur

Vault maps used:
D:1:      dpeg_arrival_ratfight
D:2:      lemuel_round_altar, xom_redecorated, overflow_temple_1_default,
          lemuel_round_altar, nicolae_overflow_crystal_walls, first_bread,
          uniq_terence
D:3:      fedhas_altar_3, lemuel_crystal_altar, uniq_robin

Skill      XL: |  1  2  3 |
---------------+----------+-----
Spellcasting   | 3 4 |  4.5
Hexes          | 4 5 |  5.3
Short Blades   | |  1.1
Dodging        | |  3.0
Stealth        | |  4.4

Action                   |  1- 3 |  4- 6 || total
-------------------------+-------+-------++-------
Melee: Dagger            |   113 |    14 ||   127
 Cast: Corona            |    11 |       ||    11
       Ensorcelled Hiber |    19 |     4 ||    23
       Confuse           |     1 |       ||     1
  Use: Scroll            |     6 |       ||     6
       Potion            |     4 |     2 ||     6
 Stab: Sleeping          |    20 |     2 ||    22
       Confused          |     1 |       ||     1
  Eat: Royal jelly       |       |     1 ||     1
Armor: Robe              |    11 |     6 ||    17
Dodge: Dodged            |    92 |    26 ||   118

Table legend:
 A = Spawn XP
 B = Non-spawn XP
 C = Spawn XP percentage of total XP
 D = Spawn monster count
 E = Non-spawn monster count
 F = Spawn count percentage of total count
 G = Total turns spent on level
                    A         B        C        D         E        F      G
               +---------+---------+-------+---------+---------+-------+---------
         Total |       0 |     153 |   0.0 |       0 |      41 |   0.0 |  3217
               +---------+---------+-------+---------+---------+-------+---------
           D:1 |       0 |      34 |   0.0 |       0 |      24 |   0.0 |  1568
           D:2 |       0 |      76 |   0.0 |       0 |      16 |   0.0 |  1612
           D:3 |       0 |      43 |   0.0 |       0 |       1 |   0.0 |    37
               +---------+---------+-------+---------+---------+-------+---------
